 Dungeon Crawl Stone Soup version 0.28.0-53-g5a82cb258f (console) character file.

Game seed: 15780007144066483359

256 Faeu the Basher (level 5, -1/45 HPs)
             Began as a Minotaur Berserker on June 12, 2022.
             Was a Believer of Trog.
             Killed from afar by Natasha (5 damage)
             ... with a magic dart
             ... on level 2 of the Dungeon.
             The game lasted 00:01:52 (1367 turns).

Faeu the Basher (Minotaur Berserker)                Turns: 1367, Time: 00:01:53

Health: -1/45      AC:  6    Str: 23    XL:     5   Next: 92%
Magic:  4/4        EV: 11    Int:  4    God:    Trog [**....]
Gold:   65         SH:  0    Dex: 10    Spells: 4/4 levels left

rFire   . . .      SeeInvis .   d - +1 dagger (vamp) {short}
rCold   . . .      Faith    .   (no shield)
rNeg    . . .      Spirit   .   c - +0 ring mail
rPois   .          Reflect  .   (helmet restricted)
rElec   .          Harm     .   i - +0 cloak
rCorr   .          Rampage  .   (no gloves)
Will    .....                   (no boots)
Stlth   ..........              (no amulet)
HPRegen 0.15/turn               (no ring)
MPRegen 0.09/turn               (no ring)

@: no status effects
A: horns 2, retaliatory headbutt
a: Renounce Religion, Berserk, Trog's Hand


You were on level 2 of the Dungeon.
You worshipped Trog.
Trog was pleased with you.
You visited 1 branch of the dungeon, and saw 2 of its levels.

You collected 65 gold pieces.


Innate Abilities, Weirdness & Mutations

You have a pair of horns on your head.
You reflexively headbutt those who attack you in melee.


   Skills:
 - Level 3.6 Fighting
 + Level 8.1 Maces & Flails
 - Level 2.4 Armour
 - Level 2.1 Dodging


You had 4 spell levels left.
You didn't know any spells.
Your spell library was empty.

Inventory:

Hand Weapons
 a - a +0 mace {mace}
 d - a +1 vampiric dagger (weapon) {short}
   (You found it on level 1 of the Dungeon)
Armour
 b - a +0 animal skin
 c - a +0 ring mail (worn)
   (You found it on level 1 of the Dungeon)
 i - a +0 cloak (worn)
   (You found it on level 2 of the Dungeon)
Scrolls
 f - 4 scrolls of identify {unknown}
 g - a scroll of fear {unknown}
 j - a scroll of acquirement {unknown}
Potions
 e - 3 potions of curing {@q1}
 h - a potion of haste {unknown}
 k - a potion of heal wounds {unknown}

Dungeon Overview and Level Annotations

Branches:
Dungeon (2/15)

Altars:

Shops:
D:2 [

Annotations:
D:2 Natasha

### #####.# ..โ€ ...# #####.#
#.# # #.# .## #.# ###########..
### #.# #..........# ## ..# #.#
#..........# ...
..###.#######..........#####.##
............'...@h.........>...
..###.#######.....รท..........#
..###.#######................#
..+..........................#
..###.######.................#
..# #.# ##.#######.#......# ###
#.# #.# #........# #.# #.##
#..##+##.# #.# #..# ###..# #
#.########.####....#
#.##..........#.#.##


You could see Natasha.


Message History

Things that are here:
a +0 whip {mace}; 4 stones {throwing}; a kobold corpse
e - 3 potions of curing {@q1} (gained 1)
Things that are here:
a +0 whip {mace}; 4 stones {throwing}; a kobold corpse You see here a rat corpse.
A giant cockroach comes into view.
A giant cockroach is nearby!
A giant cockroach is nearby!
You closely miss the giant cockroach. The giant cockroach barely misses you.
You furiously retaliate!
You headbutt the giant cockroach!
You kill the giant cockroach!
Trog accepts your kill.
There is an open door here.
Natasha, Servant of Life and Death comes into view.
Natasha casts a spell.
The crimson imp blinks!
Natasha stares at you and mumbles some strange words.
The magic dart hits you. ๐Ÿ˜• HP[-3]
You take 3 damage, and now have 42/45 hp.
There are monsters nearby!
There are monsters nearby!
You miss the crimson imp. You headbutt the crimson imp!
Natasha casts a spell at you. The magic dart hits you.
The crimson imp hits you but does no damage. ๐Ÿ˜• HP[-5]
You take 5 damage, and now have 37/45 hp.
There are monsters nearby!
You hit the crimson imp.
You kill the crimson imp!
The crimson imp disappears in a puff of smoke!
Natasha mumbles some strange words.
There are monsters nearby!
You closely miss the shadow imp. The shadow imp misses you.
There are monsters nearby!
You hit the shadow imp but do no damage.
The shadow imp closely misses you.
There are monsters nearby!
You hit Natasha but do no damage. Natasha barely misses you.
You furiously retaliate!
You headbutt Natasha, but do no damage. The shadow imp completely misses you.
There are monsters nearby!
You barely miss Natasha. Your headbutt misses Natasha.
Natasha claws you but does no damage. The shadow imp gestures at you.
Pain shoots through your body! ๐Ÿ˜ฎ HP[-4]
You take 4 damage, and now have 33/45 hp.
There are monsters nearby!
You are too injured to fight recklessly!
There are monsters nearby!
You are too injured to fight recklessly!
There are monsters nearby!
You are too injured to fight recklessly!
There are monsters nearby!
You are too injured to fight recklessly!
You hit Natasha. You headbutt Natasha, but do no damage. Natasha claws you.
The shadow imp gestures at you. Pain shoots through your body!
* * * LOW HITPOINT WARNING * * *
๐Ÿ˜จ HP[-18]
You take 18 damage, and now have 15/45 hp.
MASSIVE DAMAGE!! (PAUSE)
You barely miss Natasha. You headbutt Natasha.
Natasha claws you but does no damage.
The shadow imp barely misses you. ๐Ÿ˜จ HP[+1]
You barely miss Natasha. Your headbutt misses Natasha.
Natasha closely misses you. The shadow imp closely misses you.
You furiously retaliate!
You headbutt the shadow imp. You barely miss Natasha.
Natasha closely misses you. You furiously retaliate!
You headbutt Natasha, but do no damage. The shadow imp misses you.
You barely miss Natasha. Natasha claws you but does no damage.
The shadow imp hits you but does no damage.
You closely miss Natasha. Natasha claws you.
* * * LOW HITPOINT WARNING * * *
The shadow imp barely misses you. ๐Ÿ˜จ HP[-1]
You take 1 damage, and now have 15/45 hp.
You barely miss Natasha.
The shadow imp disappears in a puff of smoke!
Natasha barely misses you.
You closely miss Natasha.
Natasha stares at you and mumbles some strange words.
The magic dart hits you!
* * * LOW HITPOINT WARNING * * *
๐Ÿ˜ฑ HP[-6]
You take 6 damage, and now have 9/45 hp.
You barely miss Natasha. You headbutt Natasha! Natasha claws you.
* * * LOW HITPOINT WARNING * * *
๐Ÿ˜ฑ HP[-4]
You take 4 damage, and now have 5/45 hp.
You hit Natasha.
You feel better.
You headbutt Natasha. Natasha casts a spell at you. The magic dart hits you.
* * * LOW HITPOINT WARNING * * *
๐Ÿ˜ฑ HP[-1]
You take 1 damage, and now have 4/45 hp.
You closely miss Natasha. Natasha casts a spell at you.
The magic dart hits you.
You die...

Skill      XL: |  1  2  3  4  5 |
---------------+----------------+-----
Maces & Flails | 4 5 7 8 |  8.1
Fighting       | |  3.6
Armour         | |  2.4
Dodging        | |  2.1

Action                   |  1- 3 |  4- 6 || total
-------------------------+-------+-------++-------
Melee: Mace              |    44 |    19 ||    63
       Headbutt          |     6 |    10 ||    16
       Dagger            |       |    19 ||    19
Invok: Berserk           |     1 |       ||     1
Armor: Ring mail         |     8 |     9 ||    17
Dodge: Dodged            |    26 |    25 ||    51

Levels and vault maps discovered:
D:1:      onia_arrival_pentagram, layout_rooms,
          hellmonk_ecumenical_altar_inner_sanctum,
          minmay_misc_feat_four_crosses, hangedman_decor_points
D:2:      layout_basic, serial_shops, shop, uniq_jessica, uniq_natasha,
          uniq_sigmund

Notes
Turn   | Place    | Note
-------+----------+-------------------------------------------
     0 | D:1      | Faeu the Minotaur Berserker began the quest for the Orb.
     0 | D:1      | Reached XP level 1. HP: 19/19 MP: 0/0
     0 | D:1      | magus.rc [v1.9.6]
   117 | D:1      | Reached skill level 4 in Maces & Flails
   123 | D:1      | Reached XP level 2. HP: 10/26 MP: 1/1
   563 | D:1      | Found a faded altar of an unknown god.
   639 | D:1      | Reached ** piety under Trog
   654 | D:1      | Reached skill level 5 in Maces & Flails
   857 | D:2      | Reached XP level 3. HP: 31/31 MP: 2/2
   889 | D:2      | Noticed Sigmund
   897 | D:2      | Killed Sigmund
   898 | D:2      | Reached skill level 7 in Maces & Flails
   898 | D:2      | Reached XP level 4. HP: 39/39 MP: 3/3
   898 | D:2      | Reached XP level 5. HP: 45/45 MP: 4/4
   956 | D:2      | Found Yrchealos's Antique Armour Emporium.
   958 | D:2      | Noticed Natasha
   967 | D:2      | Killed Natasha
  1084 | D:2      | Noticed Natasha
  1089 | D:2      | Killed Natasha
  1090 | D:2      | Reached skill level 8 in Maces & Flails
  1348 | D:2      | Noticed Natasha
  1364 | D:2      | HP: 9/45 [Natasha/magic dart (7)]
  1366 | D:2      | HP: 4/45 [Natasha/magic dart (3)]
  1367 | D:2      | Killed from afar by Natasha

Vanquished Creatures
  Sigmund (D:2)
  Natasha (twice) (D:2)
  A worm (D:2)
  3 dart slugs
  3 ball pythons
  An endoplasm (D:1)
  4 giant cockroaches
  2 hobgoblins (D:1)
  4 jackals (D:1)
  A quokka (D:2)
  A bat (D:1)
  2 frilled lizards (D:1)
  4 goblins (D:1)
  2 kobolds (D:2)
  5 rats
36 creatures vanquished.

Table legend:
 A = Non-vault XP
 B = Vault XP
 C = Vault XP percentage of total XP
 D = Non-vault monster count
 E = Vault monster count
 F = Vault count percentage of total count
                 A         B        C        D         E       F
            +---------+---------+-------+---------+---------+-------
      Total |      99 |     267 |  73.0 |      34 |       2 |   5.6
            +---------+---------+-------+---------+---------+-------
        D:1 |      36 |       0 |   0.0 |      21 |       0 |   0.0
        D:2 |      63 |     267 |  80.9 |      13 |       2 |  13.3
            +---------+---------+-------+---------+---------+-------

Illustrated notes

Table legend:
 A = Kills in this place as a percentage of kills in entire the game.
 B = Kills by you in this place as a percentage of kills by you in the entire game.
 C = Kills by friends in this place as a percentage of kills by friends in the entire game.
 D = Other kills in this place as a percentage of other kills in the entire game.
 E = Experience gained in this place as a percentage of experience gained in the entire game.
 F = Experience gained in this place divided by the number of levels of this place that you have seen.
                   A       B       C       D       E      F
               +-------+-------+-------+-------+-------+----------------------
         Total | 100.0 | 100.0 |   N/A |   N/A | 100.0 | 183.0
       Dungeon | 100.0 | 100.0 |   N/A |   N/A | 100.0 | 183.0
               +-------+-------+-------+-------+-------+----------------------

Table legend: (Time is in decaauts)
 A = Elapsed time spent in this place.
 B = Non-inter-level travel time spent in this place.
 C = Inter-level travel time spent in this place.
 D = Time resting spent in this place.
 E = Time spent auto-exploring this place.
 F = Levels seen in this place.
 G = Mean time per level.
                   A        B        C        D        E       F      G
               +--------+--------+--------+--------+--------+-----+--------+
         Total |   1384 |   1350 |     34 |      0 |   1103 |   2 |  692.0 |
       Dungeon |   1384 |   1350 |     34 |      0 |   1103 |   2 |  692.0 |
               +--------+--------+--------+--------+--------+-----+--------+

Top non-repeatable levels by time:
     D:1: 839 daAuts
     D:2: 545 daAuts
